 Dungeon Crawl Stone Soup version 0.28.0-45-g0d030f2227 (webtiles) character file.

Game seed: 11131660166143262523

422 MisterFreud the Cudgeller (level 6, -2/50 HPs)
             Began as a Palentonga Fighter on Apr 1, 2022.
             Slain by a scorpion (4 damage)
             ... on level 3 of the Dungeon.
             The game lasted 00:03:51 (3457 turns).

MisterFreud the Cudgeller (Palentonga Fighter)      Turns: 3457, Time: 00:03:52

Health: -2/50      AC:  8    Str: 21    XL:     6   Next: 63%
Magic:  6/6        EV:  7    Int:  8    God:
Gold:   84         SH:  4    Dex: 10    Spells: 5/5 levels left

rFire   . . .      SeeInvis +   a - +0 flail
rCold   . . .      Faith    .   c - +0 buckler
rNeg    . . .      Spirit   .   b - +0 scale mail
rPois   .          Reflect  .   i - +1 helmet
rElec   .          Harm     .   (no cloak)
rCorr   .          Rampage  .   (no gloves)
Will    .....                   (no barding)
Stlth   ..........              (no amulet)
HPRegen 0.16/turn               (no ring)
MPRegen 0.10/turn               (no ring)

@: no status effects
A: large, rugged brown scales 3, see invisible, deformed body, roll 1, armoured
tail
a: Rolling Charge


You were on level 3 of the Dungeon.
You visited 1 branch of the dungeon, and saw 4 of its levels.

You collected 84 gold pieces.

Inventory:

Hand Weapons
 a - a +0 flail (weapon)
Missiles
 f - 7 poisoned darts
Armour
 b - a +0 scale mail (worn)
 c - a +0 buckler (worn)
 i - a +1 helmet (worn)
Jewellery
 e - an amulet of faith
Wands
 d - a wand of digging (7)
 h - a wand of flame (11)
Scrolls
 n - a scroll of fog {unknown}
 o - 2 scrolls of identify {unknown}
 p - a scroll of torment {unknown}
 q - a scroll of amnesia {unknown}
Potions
 l - a potion of resistance {unknown}
 m - a potion of mutation {unknown}
 r - a potion of cancellation {unknown}


   Skills:
 - Level 3.0 Fighting
 + Level 7.2 Maces & Flails
 - Level 2.4 Armour
 - Level 2.4 Shields


You had 5 spell levels left.
You didn't know any spells.
Your spell library contained the following spells:

 Spells                   Type           Power      Damage    Failure   Level
 Dazzling Flash           Conj/Hex       0%         N/A       99%         3
 Iskenderun's Mystic Bla  Conj/Tloc      0%         2d3       100%        4
 Starburst                Conj/Fire      0%         6d3       100%        6


Dungeon Overview and Level Annotations

Branches:
Dungeon (4/15)
 Temple: D:4-7

Altars:


Innate Abilities, Weirdness & Mutations

You are completely covered in rugged brown scales. (AC +3, +7% HP)
You have supernaturally acute eyesight. (SInv)
Armour fits poorly on your strangely shaped body.
You can roll at nearby foes to attack.
You have a long armoured tail.


Message History

You feel very sick.
The scorpion stings you but does no damage.
The orc completely misses you. The orc hits you but does no damage.
You sock the orc!
You kill the orc!
You feel very sick. The scorpion stings you.
An orc comes into view. It is wielding a +0 dagger.
The orc hits you with a +0 dagger.
Unknown command.
You feel sick. The scorpion stings you!
There is a stone staircase leading up, spattered with blood here.
Things that are here:
a +0 club; an orc corpse You feel sick.
The scorpion stings you!
* * * LOW HITPOINT WARNING * * *
You climb upwards.
You feel sick.
There is a stone staircase leading down here.
Unknown command.
Unknown command.
Unknown command.
It was a potion of heal wounds.
You feel much better.
You feel sick. The orc hits you with a +0 morningstar.
The scorpion stings you but does no damage.
You barely miss the scorpion.
Your tail-slap misses the scorpion.
The scorpion is lightly wounded.
You feel sick. The scorpion closely misses you.
The orc hits you with a +0 morningstar!
* * * LOW HITPOINT WARNING * * *
You hit the scorpion.
The scorpion is moderately wounded.
You feel sick. The scorpion barely misses you.
The orc hits you with a +0 morningstar.
* * * LOW HITPOINT WARNING * * *
You hit the scorpion.
The scorpion is moderately wounded.
You feel sick.
You are no longer poisoned.
The scorpion stings you.
You die...

....................).......#
###..†...##.#######..###.####
##.##.###.# #..# #.# #.##.#
#.# #..# #.######## #.##.#
#.#######..# #.##....<.
#.##.# #..........#
#.##.##### #.##.#
#########.## #.##.#
####.##.###########.# #....#
.....##........s@o..# ######
#####################


You could see a scorpion and an orc.

Vanquished Creatures
  Sigmund (D:3)
  A phantom (D:3)
  A hound (D:3)
  Jessica (D:2)
  Terence (D:3)
  Robin (D:2)
  2 adders
  4 dart slugs
  An orc (D:4)
  3 endoplasms
  3 giant cockroaches
  17 goblins
  8 hobgoblins
  6 jackals
  3 quokkas
  6 ball pythons
  11 bats
  3 frilled lizards
  10 kobolds
  7 rats
90 creatures vanquished.

Vanquished Creatures (others)
  A plant (D:4)
1 creature vanquished.

Grand Total: 91 creatures vanquished

Notes
Turn   | Place    | Note
-------+----------+-------------------------------------------
     0 | D:1      | MisterFreud the Palentonga Fighter began the quest for the
                  | Orb.
     0 | D:1      | Reached XP level 1. HP: 19/19 MP: 1/1
    68 | D:1      | Reached XP level 2. HP: 25/25 MP: 2/2
   146 | D:1      | Reached skill level 3 in Maces & Flails
   294 | D:1      | Found a faded altar of an unknown god.
   297 | D:1      | Reached XP level 3. HP: 31/31 MP: 3/3
  1026 | D:2      | Noticed Jessica
  1032 | D:2      | Killed Jessica
  1033 | D:2      | Reached skill level 4 in Maces & Flails
  1033 | D:2      | Reached XP level 4. HP: 34/37 MP: 4/4
  1278 | D:2      | Noticed Robin
  1803 | D:2      | Killed Robin
  1994 | D:2      | Reached skill level 5 in Maces & Flails
  2339 | D:3      | Reached XP level 5. HP: 39/43 MP: 5/5
  2382 | D:3      | Noticed Sigmund
  2389 | D:3      | Killed Sigmund
  2390 | D:3      | Reached skill level 6 in Maces & Flails
  2390 | D:3      | Reached XP level 6. HP: 12/50 MP: 6/6
  2803 | D:3      | Noticed Terence
  2811 | D:3      | Killed Terence
  3212 | D:3      | Reached skill level 7 in Maces & Flails
  3443 | D:4      | Noticed an orc warrior
  3457 | D:3      | HP: 2/50 [poisoned by a scorpion]
  3457 | D:3      | Slain by a scorpion

Illustrated notes

Levels and vault maps discovered:
D:1:      elethiomel_arrival_shortcut, layout_basic,
          hellmonk_ecumenical_altar_heavens_door
D:2:      layout_rooms, kennysheep_path_1, minmay_misc_feat_tiny, uniq_robin,
          uniq_jessica
D:3:      layout_loops_ring, uniq_terence, uniq_sigmund
D:4:      layout_layer_cave, trog_three_pillars_becter, serial_bayou,
          serial_bayou_pond_a, serial_bayou_shore_a, serial_bayou_lake_a,
          serial_bayou_shore_b, serial_shops, nicolae_shop_advertising_works
          [nicolae_subvault_shop_adworks], cheibrodos_sewer_entry_sluice

Skill      XL: |  1  2  3  4  5  6 |
---------------+-------------------+-----
Maces & Flails | 3 4 5 6 7 |  7.2
Fighting       | |  3.0
Armour         | |  2.4
Shields        | |  2.4

Action                   |  1- 3 |  4- 6 || total
-------------------------+-------+-------++-------
Melee: Flail             |    71 |   147 ||   218
       Tailslap          |     7 |    14 ||    21
 Abil: Rolling Charge    |    19 |    20 ||    39
  Use: Potion            |       |     2 ||     2
       Scroll            |       |     2 ||     2
Armor: Scale mail        |    24 |    87 ||   111
Dodge: Dodged            |    14 |    55 ||    69
Block: Buckler           |     7 |    31 ||    38
